 Dungeon Sprint DCSS version 0.19.3-1-g3169bf9 (webtiles) character file.

6307 Naow the Skullcrusher (level 10, -6/113 HPs)
             Began as an Ogre Berserker on Jan 23, 2017.
             Was the Champion of Trog.
             Mangled by an orc warrior
             ... wielding a cursed +0 halberd
              (14 damage)
             ... in the Dungeon (Sprint IX: "|||||||||||||||||||||||||||||").
             The game lasted 00:04:15 (2427 turns).

Naow the Skullcrusher (Ogre Berserker)              Turns: 2427, Time: 00:04:16

Health: -6/113     AC:  4    Str: 27    XL:     10   Next: 95%
Magic:  3/3        EV: 10    Int:  9    God:    Trog [******]
Gold:   672        SH:  0    Dex: 12    Spells: 0 memorised, 9 levels left

rFire  . . .     SeeInvis .     v - +8 giant club (antimagic)
rCold  . . .     Gourm    .     b - +0 animal skin
rNeg   . . .     Faith    .     (shield currently unavailable)
rPois  .         Spirit   .     (helmet restricted)
rElec  .         Reflect  .     q - +0 cloak
rCorr  .         Harm     .     (gloves unavailable)
MR     +++..     NoTele   +     (boots unavailable)
Stlth  +.........               (no amulet)
                                o - +3 ring of intelligence
                                n - +3 ring of dexterity

@: exhausted, regenerating, slowed, very slow
A: unfitting armour, tough skin 1
a: Berserk, Trog's Hand, Brothers in Arms, Burn Spellbooks, Renounce Religion


You were in the Dungeon.
You worshipped Trog.
Trog was exalted by your worship.
You were near starving.

You visited 1 branch You collected 672 gold pieces.

Inventory:

Hand Weapons
 a - a +0 mace
 p - a +0 giant spiked club
 v - a +8 antimagic giant club (weapon)
Armour
 b - a +0 animal skin (worn)
 q - a +0 cloak (worn)
Jewellery
 n - a +3 ring of dexterity (left hand)
 o - a +3 ring of intelligence (right hand)
Wands
 m - a wand of iceblast (7/15)
Scrolls
 i - 3 scrolls of blinking
 j - a scroll of fog
 l - 3 scrolls of remove curse
 r - 3 scrolls of fear
Potions
 d - 5 potions of curing
 e - 6 potions of heal wounds
 f - 3 potions of haste
 g - 4 potions of magic
 h - a potion of berserk rage
 k - a potion of invisibility
Comestibles
 c - 13 bread rations
 s - a royal jelly
 t - 40 fruits
 u - 12 meat rations
 w - 21 chunks of flesh


   Skills:
 + Level 11.1 Fighting
 O Level 27 Maces & Flails
 - Level 2.6 Dodging


You had 9 spell levels left.
You didn't know any spells.

Dungeon Overview and Level Annotations

Branches:
Dungeon (1/1)

Altars:
Cheibriados
Dithmenos
Elyvilon
Fedhas
Gozag
Hepliaklqana
Kikubaaqudgha
Makhleb
Nemelex Xobeh
Okawaru
Qazlal
Ru
Sif Muna
Trog
Uskayaw
Vehumet
Xom
Yredelemnul
Zin
The Shining One
Beogh
Jiyva
Lugonu


Innate Abilities, Weirdness & Mutations

You are too large for most types of armour.
You have tough skin. (AC +1)


Message History

The orc warrior hits you with a halberd!!
* * * LOW HITPOINT WARNING * * *
Things that are here:
a halberd; a chain mail; 50 gold pieces You are too injured to fight recklessly!
You are too injured to fight recklessly!
Your skin crawls.
You feel resistant to hostile enchantments.
You feel somewhat more hungry.
The orc warrior hits you from afar with a glaive.
* * * LOW HITPOINT WARNING * * *
The orc warrior hits you with a halberd!
* * * LOW HITPOINT WARNING * * *
The orc warrior hits you from afar with a halberd.
* * * LOW HITPOINT WARNING * * *
Items here: $ )) [[ † Your hill giant goes berserk!
You are near starving!
The orc warrior hits you from afar with a halberd!
You die...

▓+▓.▓.▓.▓.▓
▓4▓.▓.▓.▓_▓
▓o▓.▓.▓.▓_▓
▓o▓.▓.▓.▓_▓
▓o▓.▓.▓.▓_▓
▓o▓.▓.▓.▓_▓
▓o▓.▓.▓.▓_▓
▓)▓.▓)▓.▓_▓
▓@▓.▓.▓.▓_▓
▓C▓.▓)▓.▓_▓
▓)▓.▓.▓.▓_▓
▓)▓.▓.▓.▓_▓
▓)▓.▓.▓.▓_▓
▓'▓.▓.▓.▓_▓
▓.▓.▓.▓.▓_▓
▓.▓.▓.▓.▓_▓
▓.▓.▓.▓.▓_▓


You could see an orc high priest, a chaos spawn, 4 orc warriors and a friendly
hill giant (berserk).

Vanquished Creatures
  An orc knight (D)
  4 spiny frogs (D)
  2 komodo dragons (D)
  5 polar bears (D)
  2 hippogriffs (D)
  A yak (D)
  Grum (D)
  3 water moccasins (D)
  A porcupine (D)
  7 orc warriors (D)
  4 black bears (D)
  A centaur (D)
  4 wolves (D)
  An ogre (D)
  3 crocodiles (D)
  A big kobold (D)
  A bullfrog (D)
  2 orc priests (D)
  2 orc wizards (D)
  An iguana (D)
  2 worker ants (D)
  2 gnolls (D)
  An adder (D)
  A shadow imp (D)
  An adder zombie (D)
  10 orcs (D)
  2 bat zombies (D)
  2 hobgoblins (D)
  A ball python skeleton (D)
  A bat (D)
  A frilled lizard (D)
71 creatures vanquished.

Vanquished Creatures (others)
  A spatial maelstrom (D)
1 creature vanquished.

Grand Total: 72 creatures vanquished

Notes
Turn   | Place    | Note
-------+----------+-------------------------------------------
     0 | D        | Naow the Ogre Berserker began the quest for the Orb.
     0 | D        | Reached XP level 1. HP: 24/24 MP: 1/1
     2 | D        | Banished a spatial maelstrom
    15 | D        | Reached skill level 7 in Maces & Flails
    15 | D        | Reached XP level 2. HP: 4/32 MP: 2/2
    17 | D        | Reached ** piety under Trog
   308 | D        | Reached *** piety under Trog
   308 | D        | Reached skill level 9 in Maces & Flails
   308 | D        | Reached XP level 3. HP: 21/39 MP: 3/3
   311 | D        | Reached skill level 10 in Maces & Flails
   311 | D        | Reached XP level 4. HP: 26/48 MP: 4/4
   344 | D        | Found a roughly hewn altar of Beogh.
   344 | D        | Found a snail-covered altar of Cheibriados.
   344 | D        | Found a shadowy altar of Dithmenos.
   344 | D        | Found a white marble altar of Elyvilon.
   344 | D        | Found a blossoming altar of Fedhas.
   344 | D        | Found an opulent altar of Gozag.
   345 | D        | Found a hazy altar of Hepliaklqana.
   346 | D        | Found a viscous altar of Jiyva.
   347 | D        | Found an ancient bone altar of Kikubaaqudgha.
   348 | D        | Found a corrupted altar of Lugonu.
   349 | D        | Found a burning altar of Makhleb.
   350 | D        | Found a sparkling altar of Nemelex Xobeh.
   351 | D        | Found an iron altar of Okawaru.
   352 | D        | Found a stormy altar of Qazlal.
   353 | D        | Found a sacrificial altar of Ru.
   354 | D        | Found a deep blue altar of Sif Muna.
   355 | D        | Found a bloodstained altar of Trog.
   356 | D        | Found a hide-covered altar of Uskayaw.
   357 | D        | Found a radiant altar of Vehumet.
   358 | D        | Found a shimmering altar of Xom.
   359 | D        | Found a basalt altar of Yredelemnul.
   360 | D        | Found a glowing silver altar of Zin.
   361 | D        | Found a glowing golden altar of the Shining One.
   386 | D        | Noticed an ogre
   386 | D        | Noticed a centaur
   386 | D        | Noticed a big kobold
   396 | D        | Killed a big kobold
   396 | D        | Reached **** piety under Trog
   396 | D        | Reached skill level 12 in Maces & Flails
   396 | D        | Reached XP level 5. HP: 23/54 MP: 5/5
   400 | D        | Killed a centaur
   400 | D        | Reached skill level 14 in Maces & Flails
   409 | D        | Killed an ogre
   409 | D        | Reached skill level 15 in Maces & Flails
   409 | D        | Reached XP level 6. HP: 14/62 MP: 6/6
   413 | D        | Reached skill level 16 in Maces & Flails
   414 | D        | HP: 3/93 [orc/whip (4)]
   720 | D        | Noticed a hippogriff
   724 | D        | Reached ***** piety under Trog
   724 | D        | Received a gift from Trog
   728 | D        | Killed a hippogriff
   728 | D        | Reached skill level 18 in Maces & Flails
   728 | D        | Reached XP level 7. HP: 70/70 MP: 7/7
   915 | D        | Noticed a spiny frog
   915 | D        | Noticed a spiny frog
   915 | D        | Noticed a hippogriff
   917 | D        | Reached skill level 19 in Maces & Flails
   918 | D        | Noticed a komodo dragon
   919 | D        | Noticed a yak
   919 | D        | Killed a hippogriff
   919 | D        | Reached skill level 20 in Maces & Flails
   920 | D        | Reached XP level 8. HP: 78/78 MP: 8/8
   925 | D        | Killed a spiny frog
   925 | D        | Reached skill level 21 in Maces & Flails
   927 | D        | Received a gift from Trog
   928 | D        | Killed a spiny frog
   928 | D        | Reached skill level 22 in Maces & Flails
   933 | D        | Killed a komodo dragon
   933 | D        | Reached XP level 9. HP: 49/84 MP: 9/9
   934 | D        | Reached skill level 23 in Maces & Flails
   947 | D        | Reached ****** piety under Trog
  1209 | D        | Noticed a spiny frog
  1209 | D        | Noticed a spiny frog
  1214 | D        | Noticed a komodo dragon
  1217 | D        | Received a gift from Trog
  1219 | D        | Reached skill level 24 in Maces & Flails
  1230 | D        | Killed a spiny frog
  1233 | D        | Killed a spiny frog
  1234 | D        | Reached skill level 25 in Maces & Flails
  1237 | D        | Killed a komodo dragon
  1237 | D        | Received a gift from Trog
  1237 | D        | Reached XP level 10. HP: 66/92 MP: 10/10
  1485 | D        | Reached skill level 26 in Maces & Flails
  2001 | D        | Noticed Grum
  2010 | D        | Killed Grum
  2010 | D        | Received a gift from Trog
  2010 | D        | Reached skill level 5 in Fighting
  2267 | D        | Reached skill level 27 in Maces & Flails
  2285 | D        | Received a gift from Trog
  2402 | D        | Noticed an orc knight
  2406 | D        | Killed an orc knight
  2412 | D        | Received a gift from Trog
  2412 | D        | Reached skill level 10 in Fighting
  2422 | D        | Noticed an orc high priest
  2427 | D        | Mangled by an orc warrior

Skill      XL: |  1  2  3  4  5  6  7  8  9 10 |
---------------+-------------------------------+-----
Maces & Flails | 7 9 10 12 15 18 20 22 25 27 | 27.0
Fighting       | 11 | 11.1
Dodging        | |  2.6

Action                   |  1- 3 |  4- 6 |  7- 9 | 10-12 || total
-------------------------+-------+-------+-------+-------++-------
Melee: Mace              |    34 |    25 |       |       ||    59
       Giant spiked club |       |     7 |    59 |    65 ||   131
       Giant club        |       |       |       |    14 ||    14
Invok: Berserk           |     2 |     2 |     2 |     4 ||    10
       Trog's Hand       |       |     1 |       |     2 ||     3
       Brothers in Arms  |       |       |       |     1 ||     1
  Use: Potion            |       |       |     2 |       ||     2
  Eat: Chunk             |       |     2 |     4 |     8 ||    14
Armor: Animal skin       |    11 |     2 |    15 |    11 ||    39
Dodge: Dodged            |    18 |     6 |    24 |    33 ||    81
